 Dungeon Crawl Stone Soup version 0.20-a0-876-g2c7b0bf (webtiles) character file.

1127 EternalSandwich the Carver (level 8, -2/71 HPs)
             Began as a Minotaur Monk on Mar 12, 2017.
             Slain by a slave (8 damage)
             ... led by Pikel
             ... on level 4 of the Dungeon on Mar 16, 2017.
             The game lasted 00:12:15 (3961 turns).

EternalSandwich the Carver (Minotaur Monk)          Turns: 3961, Time: 00:12:17

Health: -2/71      AC:  7    Str: 17    XL:     8   Next: 13%
Magic:  7/7        EV: 14    Int:  7    God:
Gold:   275        SH:  0    Dex: 14    Spells: 7/7 levels left

rFire    . . .     SeeInvis .   a - +1 falchion
rCold    . . .     Gourm    .   q - +0 ring mail (curse)
rNeg     . . .     Faith    .   (no shield)
rPois    .         Spirit   .   (helmet restricted)
rElec    .         Reflect  .   v - +0 cloak
rCorr    .         Harm     .   (no gloves)
MR       .....                  p - +0 pair of boots
Stlth    ++........             (no amulet)
Regen    0.3/turn               (no ring)
MPRegen  0.1/turn               e - ring of stealth

@: no status effects
A: retaliatory headbutt, horns 2
a: no special abilities


You were on level 4 of the Dungeon.
You were not hungry.

You visited 1 branch of the dungeon, and saw 5 of its levels.

You collected 275 gold pieces.

Inventory:

Hand Weapons
 a - a +1 falchion (weapon)
Missiles
 i - 6 tomahawks (quivered)
Armour
 b - a +0 robe
 m - a +1 scale mail
 p - a +0 pair of boots (worn)
 q - a cursed +0 ring mail (worn)
 v - a +0 cloak (worn)
Jewellery
 e - a ring of stealth (left hand)
Wands
 t - a wand of digging (9/24)
Scrolls
 h - 2 scrolls of teleportation
 j - a scroll of enchant weapon
 o - 2 scrolls of recharging
Potions
 f - 2 potions of ambrosia {unknown}
 k - a potion of haste
 l - a potion of brilliance {unknown}
 n - 2 potions of lignification {unknown}
 r - 2 potions of heal wounds {unknown}
 s - a potion of degeneration {unknown}
 z - a potion of might
 A - 2 potions of curing {unknown}
Miscellaneous
 w - a phantom mirror
Comestibles
 c - 4 bread rations
 d - 4 royal jellies
 g - 5 meat rations
 u - a chunk of flesh
 B - 2 fruits


   Skills:
 + Level 6.8 Fighting
 * Level 9.0 Long Blades
 + Level 6.1 Dodging
 - Level 1.5 Stealth


You had 7 spell levels left.
You didn't know any spells.

Dungeon Overview and Level Annotations

Branches:
Dungeon (5/15)
 Temple: D:4-7

Altars:
Dithmenos
Kikubaaqudgha
Okawaru
Ru
The Shining One

Annotations:
D:4 Pikel


Innate Abilities, Weirdness & Mutations

You reflexively headbutt those who attack you in melee.
You have a pair of horns on your head.


Message History

A scorpion comes into view.
The slave closely misses you.
You riposte.
You barely miss the slave. Pikel hits you but does no damage.
The slave hits you.
There is a stone staircase leading up, spattered with blood here.
You miss Pikel.
Pikel zaps a wand.
The bolt of acid hits you!
You are splashed with acid!
The acid burns!
It is a wand of acid (?/15).
You can't go down here!
The slave barely misses you.
Pikel hits you with a whip of electrocution.
The slave closely misses you. You furiously retaliate!
You headbutt the slave.
You riposte.
You closely miss the slave.
The slave is moderately wounded.
You climb upwards.
There is a stone staircase leading down, spattered with blood here.
Pikel hits you with a whip of electrocution!
* * * LOW HITPOINT WARNING * * *
You are electrocuted!
* * * LOW HITPOINT WARNING * * *
The slave hits you!
You die...

#)....##.## #.##.#
#.#.#.##..# #.#.##
#.#รท#.##..#########
#..###
#.#)#.<...........###.####
#.#.####..................
#.#.# ##.#######.########
###.#.#####.# ###.##
#...#.#...#K#####....##
#.#...>...p@........#.##
#...#....[p.#.......##.#
##..######.##.###.###.##
#..# #.##.# ##.#.##
####..# #.##.# #..##
#.....# #.##.# #.##
#.##.#######.##.# #.#
#.##.# #........# ##.#
##### ##.##.#
#.###.#..###..# #...#


You could see Pikel and 2 slaves.

Vanquished Creatures
  Grinder (D:4)
  Eustachio (D:4)
  2 slaves (D:4)
  3 ogres (D:4)
  A scorpion (D:4)
  2 howler monkeys (D:4)
  A jelly (D:3)
  2 hounds (D:4)
  An iguana (D:4)
  Natasha (thrice) (D:4)
  Robin (D:3)
  9 adders
  6 adder skeletons (D:4)
  3 worms
  3 dart slugs
  3 leopard geckos
  3 orcs
  3 giant cockroaches (D:4)
  23 goblins
  8 hobgoblins
  14 jackals
  11 kobolds
  A ball python (D:3)
  8 bats
  2 frilled lizards
  8 rats
123 creatures vanquished.

Notes
Turn   | Place    | Note
-------+----------+-------------------------------------------
     0 | D:1      | EternalSandwich the Minotaur Monk began the quest for the Orb.
     0 | D:1      | Reached XP level 1. HP: 19/19 MP: 0/0
    67 | D:1      | Reached skill level 4 in Long Blades
    67 | D:1      | Reached XP level 2. HP: 5/27 MP: 1/1
   870 | D:1      | Reached XP level 3. HP: 28/33 MP: 2/2
  1226 | D:2      | Reached skill level 5 in Long Blades
  1393 | D:2      | Found an ancient bone altar of Kikubaaqudgha.
  1458 | D:2      | Found a sacrificial altar of Ru.
  1564 | D:2      | Found a faded altar of an unknown god.
  1571 | D:2      | Reached XP level 4. HP: 36/40 MP: 3/3
  2084 | D:3      | Noticed Robin
  2123 | D:3      | Killed Robin
  2145 | D:3      | Reached XP level 5. HP: 33/47 MP: 4/4
  2578 | D:3      | Upgraded the game from 0.20-a0-855-gd83b866 to 0.20-a0-876-g2c7b0bf
  2786 | D:4      | Noticed an ogre
  2794 | D:4      | Killed an ogre
  2794 | D:4      | Reached skill level 5 in Fighting
  2794 | D:4      | Reached skill level 6 in Long Blades
  2794 | D:4      | Reached XP level 6. HP: 33/56 MP: 5/5
  2812 | D:4      | Noticed Eustachio
  2815 | D:4      | Noticed Grinder
  2825 | D:4      | Paralysed by Grinder for 5 turns
  3062 | D:4      | Killed Eustachio
  3062 | D:4      | Reached skill level 7 in Long Blades
  3062 | D:4      | Reached skill level 5 in Dodging
  3062 | D:4      | Reached XP level 7. HP: 43/62 MP: 6/6
  3086 | D:4      | Killed Grinder
  3376 | D:4      | Reached skill level 8 in Long Blades
  3395 | D:4      | Found an iron altar of Okawaru.
  3404 | D:4      | Found a glowing golden altar of the Shining One.
  3404 | D:4      | Noticed Natasha
  3411 | D:4      | Killed Natasha
  3481 | D:4      | Noticed Natasha
  3488 | D:4      | Killed Natasha
  3679 | D:4      | Noticed Natasha
  3693 | D:4      | Killed Natasha
  3693 | D:4      | Reached XP level 8. HP: 68/71 MP: 7/7
  3829 | D:4      | Found a shadowy altar of Dithmenos.
  3914 | D:4      | Reached skill level 9 in Long Blades
  3935 | D:5      | Entered Level 5 of the Dungeon
  3935 | D:5      | Noticed Pikel
  3961 | D:4      | Slain by a slave

Vault maps used:
D:1:      arrival_zaba_pyramid, serial_aquarium, aquarium_bridge_straight,
          aquarium_window_corner, aquarium_window_double, aquarium_view_2a,
          aquarium_view_2c, aquarium_balcony_3a
D:2:      nicolae_overflow_crystal_walls, overflow_temple_1_default,
          chequers_ecumenical_altar_simple, first_bread, serial_bayou_crossing
D:3:      kennysheep_goblin_castle
D:4:      amethyst_overflow_temple_binary, grunt_dithmenos_smoke, uniq_grinder,
          uniq_eustachio, uniq_natasha
D:5:      uniq_crazy_yiuf_cottage, uniq_pikel

Skill      XL: |  1  2  3  4  5  6  7  8 |
---------------+-------------------------+-----
Long Blades    | 4 5 6 7 8 9 |  9.0
Fighting       | 4 5 6 |  6.8
Dodging        | 4 5 6 |  6.1
Stealth        | |  1.5

Action                   |  1- 3 |  4- 6 |  7- 9 || total
-------------------------+-------+-------+-------++-------
Melee: Falchion          |    87 |   141 |    95 ||   323
       Headbutt          |    14 |    22 |    21 ||    57
  Use: Scroll            |     1 |     9 |       ||    10
 Stab: Sleeping          |     1 |       |     1 ||     2
       Distracted        |       |       |     1 ||     1
  Eat: Chunk             |     1 |     5 |     4 ||    10
Armor: Robe              |     5 |       |       ||     5
       Ring mail         |    28 |    15 |    18 ||    61
       Scale mail        |     1 |    68 |       ||    69
Dodge: Dodged            |    83 |    99 |    49 ||   231
       Rpst.: Falchion   |    16 |    24 |    17 ||    57
